 Dungeon Crawl Stone Soup version bcrawl-1.27.8b (webtiles) character file.

Game seed: 17205521220451032417

110551 Baz the Sneak (level 4, -8/31 HPs)
             Began as an Octopode Spelunker on Oct 28, 2020.
             Mangled by an ogre
             ... wielding a +0 giant club
              (28 damage)
             ... on level 3 of the Dungeon on Oct 29, 2020.
             The game lasted 00:07:09 (2311 turns).

Baz the Sneak (Octopode Spelunker)                  Turns: 2311, Time: 00:07:09

Health: -8/31      AC:  1    Str: 11    XL:     4   Next: 44%
Magic:  7/7        EV: 12    Int: 15    God:
Gold:   70         SH:  0    Dex: 11    Spells: 4/7 levels left

rFire    . . .     SeeInvis .   a - +1 dagger
rCold    . . .     Gourm    .   (no shield)
rNeg     . . .     Faith    .   (helmet restricted)
rPois    .         Spirit   .   (cloak restricted)
rElec    .         Reflect  .   (no amulet)
rCorr    +         Harm     .   l - ring of resist corrosion
MR       .....                  (no ring)
Stlth    ++++......             (no ring)
HPRegen  0.10/turn              (no ring)
MPRegen  0.10/turn              (no ring)
                                (no ring)
                                (no ring)
                                (no ring)

@: no status effects
A: almost no armour, stealthy swim, amphibious, 8 rings, constrict 8, camouflage
1, gelatinous body 1
a: no special abilities


You were on level 3 of the Dungeon.
You were hungry.

You visited 1 branch of the dungeon, and saw 3 of its levels.

You collected 70 gold pieces.

Inventory:

Hand Weapons
 a - a +1 dagger (weapon)
Jewellery
 l - a ring of resist corrosion (left tentacle)
Wands
 b - a wand of digging (10)
Scrolls
 d - a scroll of noise
 f - a scroll of enchant weapon {unknown}
 h - 2 scrolls of enchant armour {unknown}
 i - 2 scrolls of remove curse {unknown}
 j - 2 scrolls of amnesia {unknown}
 k - a scroll of immolation {unknown}
 m - a scroll of identify
 n - a scroll of blinking {unknown}
Potions
 g - a potion of lignification {unknown}
Miscellaneous
 c - a lamp of fire (inert)
Comestibles
 e - 4 rations {!d}


   Skills:
 + Level 3.1 Fighting
 - Level 2.0 Short Blades
 + Level 5.5 Stealth
 - Level 2.0 Spellcasting
 - Level 2.0 Hexes
 + Level 3.0 Transmutations
 - Level 2.0 Earth Magic
 - Level 2.1 Evocations


You had 4 spell levels left.
You knew the following spells:

 Your Spells              Type           Power        Failure   Level  Hunger
a - Corona                Hex            #......      10%         1    None
b - Passwall              Tmut/Erth      #.......     12%         2    ##.....
Your spell library was empty.

Dungeon Overview and Level Annotations

Branches:
Dungeon (3/12)

Altars:
Hepliaklqana

Annotations:
D:3 exclusion: ogre


Innate Abilities, Weirdness & Mutations

You cannot wear most types of armour.
You are very stealthy in the water. (Stealth+)
You are amphibious.
You can wear up to eight rings at the same time.
You can use your tentacles to constrict eight enemies at once.
Your skin changes colour to match your surroundings (Stealth+).
Your rubbery body absorbs attacks. (AC +1, EV +1)


Message History

The ogre barely misses you.
You hit the ogre.
The ogre is moderately wounded.
You hit the ogre. You squeeze the ogre.
The ogre is heavily wounded.
The ogre closely misses you.
You hit the ogre.
The ogre is severely wounded.
The ogre misses you.
You barely miss the ogre.
The ogre is severely wounded.
The ogre hits you with a +0 giant club!
You hit the ogre but do no damage.
The ogre is severely wounded.
No path to travel!
You barely miss the ogre.
The ogre is severely wounded.
The ogre hits you with a +0 giant club!!
Ouch! That really hurt!
You die...

############
#....<.....#
#.########.# #
#....@O..#.#
#.#.#########.#.#
.#.#......)......#
....#######.######.
#..................
#>......###........
#.......# #........
#.......# #........
#.......# #.#######


You could see an ogre.

Vanquished Creatures
  2 adders
  2 oozes (D:2)
  3 worms
  2 dart slugs (D:1)
  A leopard gecko (D:2)
  2 giant cockroaches (D:1)
  4 goblins
  6 hobgoblins
  2 jackals (D:1)
  6 kobolds (D:1)
  2 quokkas
  7 bats
  4 frilled lizards
  2 rats
45 creatures vanquished.

Notes
Turn   | Place    | Note
-------+----------+-------------------------------------------
     0 | D:1      | Baz the Octopode Spelunker began the quest for the Orb.
     0 | D:1      | Reached XP level 1. HP: 14/14 MP: 3/3
   120 | D:1      | Reached XP level 2. HP: 19/19 MP: 1/5
   651 | D:1      | Reached XP level 3. HP: 18/25 MP: 6/6
   692 | D:1      | Reached skill level 5 in Stealth
  1200 | D:2      | Reached XP level 4. HP: 25/31 MP: 7/7
  1426 | D:2      | Found a hazy altar of Hepliaklqana.
  2049 | D:3      | Noticed an ogre
  2311 | D:3      | Mangled by an ogre

Skill      XL: |  1  2  3  4 |
---------------+-------------+-----
Stealth        | 5 |  5.5
Fighting       | 3 |  3.1
Transmutations | 3 |  3.0
Short Blades   | |  2.0
Spellcasting   | |  2.0
Hexes          | |  2.0
Earth Magic    | |  2.0
Evocations     | |  2.1

Action                   |  1- 3 |  4- 6 || total
-------------------------+-------+-------++-------
Melee: Dagger            |    65 |    26 ||    91
       Tentacles         |     9 |     4 ||    13
       Constrict         |    15 |     4 ||    19
 Cast: Passwall          |     3 |     4 ||     7
       Corona            |       |     1 ||     1
Evoke: Lamp of fire      |       |     1 ||     1
 Stab: Sleeping          |    12 |     2 ||    14
       Distracted        |       |     1 ||     1
  Eat: Chunk             |     3 |     3 ||     6
Armor: Skin              |     7 |       ||     7
Dodge: Dodged            |    34 |    13 ||    47
